 Dungeon Crawl Stone Soup version 0.29-a0-322-g68df515428 (webtiles) character file.

Game seed: 16045816613459840161

16 funkygono the Firebug (level 2, -2/15 HPs)
             Began as a Gargoyle Fire Elementalist on Apr 6, 2022.
             Slain by Sigmund
             ... wielding a +2 scythe of venom
              (4 damage)
             ... on level 2 of the Dungeon.
             The game lasted 00:01:40 (894 turns).

funkygono the Firebug (Gargoyle Fire Elementalist)   Turns: 894, Time: 00:01:41

Health: -2/15      AC:  4    Str: 11    XL:     2   Next: 54%
Magic:  0/5        EV: 11    Int: 15    God:
Gold:   18         SH:  0    Dex: 10    Spells: 2/5 levels left

rFire   . . .      SeeInvis .   (no weapon)
rCold   . . .      Faith    .   (no shield)
rNeg    + . .      Spirit   .   a - +0 robe
rPois   ∞          Reflect  .   (no helmet)
rElec   +          Harm     .   (no cloak)
rCorr   .          Rampage  .   (no gloves)
Will    .....                   (no boots)
Stlth   +.........              (no amulet)
HPRegen 0.05/turn               (no ring)
MPRegen 0.09/turn               (no ring)

@: confused
A: sickness immunity, AC +2, negative energy resistance 1, electricity
resistance, torment resistance 1, petrification resistance
a: no special abilities


You were on level 2 of the Dungeon.
You visited 1 branch of the dungeon, and saw 2 of its levels.

You collected 18 gold pieces.

Inventory:

Missiles
 d - 63 stones
Armour
 a - a +0 robe (worn)
Scrolls
 f - a scroll of vulnerability {unknown}
 g - a scroll of blinking {unknown}
 h - a scroll of noise {unknown}
Potions
 b - a potion of magic
 c - 2 potions of curing {unknown}
 e - a potion of might {unknown}
 i - a potion of haste {unknown}
 j - a potion of ambrosia {unknown}


   Skills:
 + Level 1.5 Dodging
 - Level 2.1 Stealth
 * Level 2.3 Spellcasting
 * Level 1.3 Conjurations
 * Level 3.4 Fire Magic


You had 2 spell levels left.
You knew the following spells:

 Your Spells              Type           Power      Damage    Failure   Level
a - Foxfire               Conj/Fire      32%        2x1d5     9%          1
b - Scorch                Fire           24%        2d6       8%          2

Your spell library contained the following spells:

 Spells                   Type           Power      Damage    Failure   Level
 Conjure Flame            Conj/Fire      8%         6-21      24%         3
 Inner Flame              Hex/Fire       6%         N/A       32%         3
 Flame Wave               Conj/Fire      8%         2d5       63%         4


Dungeon Overview and Level Annotations

Branches:
Dungeon (2/15)

Altars:

Annotations:
D:2 Sigmund


Innate Abilities, Weirdness & Mutations

You are immune to sickness and miasma.
Your stone body is resilient. (AC +2)
You are immune to poison.
You resist negative energy. (rN+)
You are resistant to electric shocks. (rElec)
You are resistant to unholy torment.
You are immune to petrification.


Message History

The ball python hisses angrily.
The foxfire hits the ball python.
You kill the ball python!
Your foxfire dissipates!
Your foxfire dissipates!
Magic restored.
Sigmund the Dreaded comes into view.
He is wielding a +2 scythe of venom.
Casting: Foxfire (safe; 9% risk of failure)
Confirm with . or Enter, or press ? or * to list all spells.
You conjure some foxfire!
The foxfire hits Sigmund.
Sigmund is lightly wounded.
Your foxfire dissipates!
Casting: Foxfire (safe; 9% risk of failure)
Confirm with . or Enter, or press ? or * to list all spells.
You conjure some foxfire!
Casting: Foxfire (safe; 9% risk of failure)
Confirm with . or Enter, or press ? or * to list all spells.
You conjure some foxfire!
The foxfire hits Sigmund.
Sigmund is moderately wounded.
Sigmund casts a spell at you. The puff of flame hits you!
Ouch! That really hurt!
Casting: Foxfire (safe; 9% risk of failure)
Confirm with . or Enter, or press ? or * to list all spells.
Flames lash Sigmund.
Sigmund is moderately wounded.
Sigmund's fire resistance burns away.
The foxfire hits Sigmund but does no damage.
Sigmund is moderately wounded.
The foxfire hits Sigmund.
Sigmund is burned terribly!
Sigmund is heavily wounded.
Sigmund gestures at you while chanting.
You are confused.
Sigmund gestures at you while chanting. The puff of flame hits you.
* * * LOW HITPOINT WARNING * * *
You bump into the rock wall.
Sigmund is no longer more vulnerable to fire.
Sigmund hits you with a +2 scythe of venom.
You die...

### #.# #.# #######.#
.....##.# ####.##.##
#........################
#.##.#..........@@......#
..##......#####.###.###.#
.....#...## #.# §#
#######.## #.# @# #.# #.#
.. # #.# #.# ## # #+# #.#
# #.. # ###


You could see Sigmund.

Vanquished Creatures
  2 ball pythons
  4 bats (D:1)
  2 endoplasms (D:1)
  3 giant cockroaches (D:1)
  A frilled lizard (D:1)
  A goblin (D:1)
  A rat (D:1)
14 creatures vanquished.

Vanquished Creatures (others)
  2 minotaurs (D:1)
  A demonspawn (D:1)
  A merfolk (D:1)
  A vampire (D:1)
  A human (D:1)
  3 nagas (D:1)
  2 dwarves (D:1)
  An ogre (D:1)
  A tengu (D:1)
  A felid (D:1)
  An orc (D:1)
  44 foxfires
  5 tentacles (D:1)
64 creatures vanquished.

Grand Total: 78 creatures vanquished

Notes
Turn   | Place    | Note
-------+----------+-------------------------------------------
     0 | D:1      | funkygono the Gargoyle Fire Elementalist began the quest
                  | for the Orb.
     0 | D:1      | Reached XP level 1. HP: 10/10 MP: 3/3
     2 | D:1      | Noticed a tengu
     2 | D:1      | Noticed a human
     2 | D:1      | Noticed a demonspawn
     2 | D:1      | Noticed a naga
     2 | D:1      | Noticed a naga
     2 | D:1      | Noticed a minotaur
     2 | D:1      | Noticed a kraken
     2 | D:1      | Noticed a minotaur
     2 | D:1      | Noticed a naga
     2 | D:1      | Noticed an ogre
     2 | D:1      | Noticed a felid
     2 | D:1      | Noticed a merfolk
     2 | D:1      | Noticed a vampire
     2 | D:1      | Noticed a dwarf
     2 | D:1      | Noticed a dwarf
     3 | D:1      | Killed a minotaur
     5 | D:1      | Killed a tengu
     7 | D:1      | Killed a naga
     8 | D:1      | Killed an ogre
     9 | D:1      | Killed a felid
    11 | D:1      | Killed a vampire
    11 | D:1      | Killed a human
    11 | D:1      | Killed a merfolk
    13 | D:1      | Killed a naga
    14 | D:1      | Killed a minotaur
    14 | D:1      | Killed a naga
    15 | D:1      | Killed a demonspawn
    15 | D:1      | Killed a dwarf
    18 | D:1      | Killed a dwarf
   346 | D:1      | Reached XP level 2. HP: 12/15 MP: 1/5
   493 | D:1      | Found a faded altar of an unknown god.
   630 | D:1      | Learned a level 2 spell: Scorch
   885 | D:2      | Noticed Sigmund
   894 | D:2      | Slain by Sigmund

Illustrated notes

Levels and vault maps discovered:
D:1:      nicolae_arrival_kraken_aquarium_b, layout_loops_cross,
          shapermc_ecumenical_altar_mp_vishouse
D:2:      layout_loops_corners, basic_altar, uniq_sigmund,
          uniq_crazy_yiuf_cottage

Action                   || total
-------------------------++-------
 Cast: Foxfire           ||    24
       Scorch            ||     1
Armor: Robe              ||     2
Dodge: Dodged            ||     7

Table legend: (Time is in decaauts)
 A = Elapsed time spent in this place.
 B = Non-inter-level travel time spent in this place.
 C = Inter-level travel time spent in this place.
 D = Time resting spent in this place.
 E = Time spent auto-exploring this place.
 F = Levels seen in this place.
 G = Mean time per level.
                   A        B        C        D        E       F      G
               +--------+--------+--------+--------+--------+-----+--------+
         Total |    893 |    876 |     17 |      0 |    755 |   2 |  446.5 |
       Dungeon |    893 |    876 |     17 |      0 |    755 |   2 |  446.5 |
               +--------+--------+--------+--------+--------+-----+--------+

Top non-repeatable levels by time:
     D:1: 825 daAuts
     D:2: 68 daAuts
